 Dungeon Crawl Stone Soup version 0.22-a0-271-gc000056 (webtiles) character file.

5422 RoseArtemis the Cleaver (level 10, -2/91 HPs)
             Began as a Minotaur Fighter on Mar 10, 2018.
             Was a Believer of Makhleb.
             Slain by a vampire (6 damage)
             ... on level 9 of the Dungeon.
             The game lasted 00:24:17 (8415 turns).

RoseArtemis the Cleaver (Minotaur Fighter)          Turns: 8415, Time: 00:24:18

Health: -2/91      AC: 16    Str: 21    XL:     10   Next: 40%
Magic:  9/9        EV:  5    Int:  9    God:    Makhleb [**....]
Gold:   50         SH:  0    Dex: 12    Spells: 9/9 levels left

rFire    + . .     SeeInvis .   a - +0 war axe
rCold    . . .     Gourm    .   c - +0 shield
rNeg     + . .     Faith    .   G - +0 plate armour {rF+}
rPois    .         Spirit   .   (helmet restricted)
rElec    .         Reflect  .   (no cloak)
rCorr    .         Harm     .   t - +1 pair of gloves
MR       .....                  e - +0 pair of boots
Stlth    ..........             q - amulet of regeneration
HPRegen  0.65/turn              m - ring of positive energy
MPRegen  0.11/turn              v - +3 ring of intelligence

@: confused
A: retaliatory headbutt, horns 2
a: Minor Destruction, Renounce Religion


You were on level 9 of the Dungeon.
You worshipped Makhleb.
Makhleb was pleased with you.
You were not hungry.

You visited 2 branches of the dungeon, and saw 11 of its levels.
You also visited: Bailey.

You collected 500 gold pieces.
You spent 450 gold pieces at shops.

Inventory:

Hand Weapons
 a - a +0 war axe (weapon)
 b - a +0 blowgun
Missiles
 y - 25 poisoned needles
Armour
 c - a +0 shield (worn)
 e - a +0 pair of boots (worn)
 t - a +1 pair of gloves (worn)
 G - a +0 plate armour of fire resistance (worn)
Jewellery
 m - a ring of positive energy (left hand)
 q - an amulet of regeneration (around neck)
 v - a +3 ring of intelligence (right hand)
 C - a cursed +5 ring of intelligence
 F - a +2 ring of intelligence
Scrolls
 d - a scroll of noise {unknown}
 g - 3 scrolls of remove curse
 h - a scroll of random uselessness {unknown}
 i - 2 scrolls of immolation
 j - a scroll of amnesia
 l - 3 scrolls of magic mapping
 o - a scroll of enchant armour {unknown}
 p - 3 scrolls of teleportation
 u - a scroll of blinking
 w - a scroll of fog
 x - a scroll of enchant weapon {unknown}
 A - a scroll of identify
 B - a scroll of silence {unknown}
 H - a scroll of fear {unknown}
Potions
 k - a potion of flight
 n - 4 potions of brilliance
 r - a potion of mutation {unknown}
 s - a potion of cancellation {unknown}
 D - a potion of curing {unknown}
 E - a potion of haste {unknown}
Comestibles
 f - 14 rations
 I - 3 chunks of flesh


   Skills:
 + Level 9.2 Fighting
 * Level 11.9 Axes
 - Level 6.3 Armour
 + Level 7.4 Shields
   Level 3.7 Transmutations
   Level 3.8 Earth Magic


You had 9 spell levels left.
You didn't know any spells.

Dungeon Overview and Level Annotations

Branches:
Dungeon (10/15)            Temple (1/1) D:5            Lair (0/6) D:8
    Orc (0/2) D:9

Altars:
Ashenzari
Cheibriados
Dithmenos
Elyvilon
Fedhas
Gozag
Hepliaklqana
Kikubaaqudgha
Makhleb
Nemelex Xobeh
Okawaru
Qazlal
Ru
Sif Muna
Trog
Uskayaw
Vehumet
Wu Jian
Xom
Yredelemnul
Zin
The Shining One

Shops:
D:9 (*?


Innate Abilities, Weirdness & Mutations

You reflexively headbutt those who attack you in melee.
You have a pair of horns on your head.


Message History

You hit something. You headbutt something.
Something hits you but does no damage. Something bites you.
* * * LOW HITPOINT WARNING * * *
Your shield and plate armour prevent you from hitting something.
Something hits you but does no damage. You block something's attack.
Okay, then.
You barely miss something. Something hits you!
* * * LOW HITPOINT WARNING * * *
Something bites you!
* * * LOW HITPOINT WARNING * * *
Something draws strength from your injuries!
Your plate armour prevents you from hitting something.
Your headbutt misses something.
You hear some strange, mumbled words.
You are confused.
Unholy energy fills the air.
* * * LOW HITPOINT WARNING * * *
Something hits you but does no damage. Something bites you but does no damage.
You're too confused to move!
Something hits you.
You die...

.......###..##...###
∩.#####.....#..###
..# #.###...## ..#
##.# #.#..###
..####..###......####
............#.##....#
..####.####.#.###...#
..##.....##...>{#...#
<.#.......#..##.@∩..#
..#.......#..###....#
......_......# ##...#
..#(.....(#..# #...#
..#.......#..# #...#
..##.....##.## #...#
#.####.####.# #####
#...........#
#############


There were no monsters in sight!

Vanquished Creatures
  A two-headed ogre (D:8)
  A cyclops (D:10)
  The ghost of Cerpago the Chopper, a novice DsFi (D:5)
  A hornet (D:8)
  Prince Ribbit (D:5)
  Sigmund (D:6)
  Eustachio (D:5)
  A hungry ghost (D:7)
  A water moccasin (D:9)
  4 orc warriors (Bailey)
  2 ice beasts
  A black bear (D:4)
  A sky beast (D:9)
  A phantom (D:4)
  2 ogres
  A necrophage (D:7)
  A big kobold (D:5)
  2 bullfrogs (D:6)
  3 scorpions
  18 killer bees
  3 crimson imps
  2 bullfrog zombies
  2 hounds
  A jelly (D:10)
  A centaur skeleton (D:8)
  3 orc priests
  3 iguanas
  6 worker ants
  2 orc wizards (D:5)
  A hound zombie (D:5)
  A hound skeleton (D:5)
  A worker ant zombie (D:8)
  A gnoll (Bailey)
  2 howler monkey skeletons
  15 adders
  A shadow imp (D:5)
  2 worms
  3 dart slugs
  A leopard gecko (D:1)
  20 orcs
  A ball python (D:4)
  6 giant cockroaches
  15 goblins
  12 hobgoblins
  3 jackals (D:2)
  16 kobolds
  2 quokkas
  7 bats
  7 frilled lizards
  A leopard gecko skeleton (D:4)
  A leopard gecko zombie (D:5)
  8 rats
195 creatures vanquished.

Vanquished Creatures (others)
  An iguana (D:5)
  A worker ant (D:5)
2 creatures vanquished.

Grand Total: 197 creatures vanquished

Notes
Turn   | Place    | Note
-------+----------+-------------------------------------------
     0 | D:1      | RoseArtemis the Minotaur Fighter began the quest for the Orb.
     0 | D:1      | Reached XP level 1. HP: 19/19 MP: 0/0
   249 | D:1      | Reached skill level 3 in Axes
   249 | D:1      | Reached XP level 2. HP: 27/27 MP: 1/1
   890 | D:1      | Reached XP level 3. HP: 33/33 MP: 2/2
  1389 | D:2      | Found a faded altar of an unknown god.
  1459 | D:2      | Reached skill level 4 in Axes
  1459 | D:2      | Reached XP level 4. HP: 41/41 MP: 3/3
  2184 | D:3      | Reached XP level 5. HP: 47/47 MP: 4/4
  2307 | D:3      | Reached skill level 5 in Axes
  2693 | D:4      | Reached skill level 5 in Fighting
  2693 | D:4      | Reached skill level 5 in Armour
  2924 | D:4      | Noticed a black bear
  2928 | D:4      | Killed a black bear
  2928 | D:4      | Reached skill level 6 in Axes
  2928 | D:4      | Reached XP level 6. HP: 56/56 MP: 5/5
  3333 | D:4      | Reached XP level 7. HP: 62/62 MP: 6/6
  3379 | D:5      | Entered Level 5 of the Dungeon
  3386 | D:5      | Noticed Cerpago's ghost (novice DsFi)
  3399 | D:5      | Killed Cerpago's ghost
  3399 | D:5      | Reached skill level 7 in Axes
  3453 | D:5      | Learned a level 2 spell: Passwall
  3496 | D:5      | Reached skill level 8 in Axes
  3617 | D:5      | Reached XP level 8. HP: 71/71 MP: 7/7
  3619 | D:5      | Found a shimmering altar of Xom.
  3725 | D:5      | Noticed Prince Ribbit
  3770 | D:5      | Killed Prince Ribbit
  3770 | D:5      | Reached skill level 1 in Transmutations
  3770 | D:5      | Reached skill level 1 in Earth Magic
  4213 | D:5      | Reached skill level 9 in Axes
  4250 | D:5      | Reached skill level 5 in Shields
  4554 | D:5      | Noticed Eustachio
  4555 | D:5      | Found a staircase to the Ecumenical Temple.
  4592 | D:5      | Killed Eustachio
  4665 | Temple   | Entered the Ecumenical Temple
  4822 | Temple   | Became a worshipper of Makhleb the Destroyer
  5066 | D:6      | Noticed Sigmund
  5084 | D:6      | Killed Sigmund
  5084 | D:6      | Reached XP level 9. HP: 77/79 MP: 8/8
  5236 | D:6      | Reached skill level 10 in Axes
  5263 | D:6      | Found an opulent altar of Gozag.
  5264 | D:6      | Found an iron altar of Okawaru.
  5264 | D:6      | Found a sacrificial altar of Ru.
  5576 | D:6      | Found a stormy altar of Qazlal.
  5661 | D:7      | Found a flagged portal.
  5674 | Bailey   | Entered a bailey
  5695 | Bailey   | Reached * piety under Makhleb
  5792 | Bailey   | Found the +6 lightning scales {run, rElec}
  6400 | D:7      | Found a white marble altar of Elyvilon.
  6451 | D:7      | Found a basalt altar of Yredelemnul.
  6577 | D:8      | Reached ** piety under Makhleb
  6634 | D:8      | Found a staircase to the Lair.
  6835 | D:8      | Reached skill level 11 in Axes
  6911 | D:8      | Reached XP level 10. HP: 78/89 MP: 9/9
  7378 | D:8      | Noticed a two-headed ogre
  7395 | D:8      | Killed a two-headed ogre
  7746 | D:9      | Found Zutal's General Store.
  7752 | D:9      | Found a bloodstained altar of Trog.
  7766 | D:9      | Bought a +0 plate armour of fire resistance for 450 gold pieces
  8081 | D:9      | Found Jetyfi's Antique Weapon Emporium.
  8190 | D:9      | Found Wotanwue's Magic Scroll Shop.
  8333 | D:9      | Found a staircase to the Orcish Mines.
  8352 | D:10     | Entered Level 10 of the Dungeon
  8352 | D:10     | Noticed a cyclops
  8362 | D:10     | Killed a cyclops
  8411 | D:9      | HP: 4/91 [something (8)]
  8415 | D:9      | Slain by a vampire

Vault maps used:
D:1:      eino_arrival_water_cross
D:2:      chequers_ecumenical_altar_island
D:3:      first_ration
D:4:      minmay_misc_feat_iff
D:5:      temple_hall, xom_confusion_cloud, uniq_prince_ribbit1, uniq_eustachio
D:6:      grunt_temple_overflow_open, grunt_qazlal_clouds, uniq_sigmund
D:7:      kennysheep_ying_yang, enter_bailey_3
D:8:      lair_entry_dummy
D:9:      old_standard_altar, orc_0_dummy, serial_shops, shop,
          nicolae_shop_competitors_out_of_business, nicolae_shop_crystal
D:10:     basic_altar, serial_shops, shop, grunt_ogre_cave,
          hangedman_decor_peaks_small
Temple:   eino_temple_rhombus
Bailey:   bailey_axe_1, bailey

Skill      XL: |  1  2  3  4  5  6  7  8  9 10 |
---------------+-------------------------------+-----
Axes           | 3 4 6 8 9 11 | 11.9
Fighting       | 4 5 6 7 8 9 |  9.2
Armour         | 4 5 6 |  6.3
Shields        | 4 5 6 7 |  7.4
Transmutations | 2 3 |  3.7
Earth Magic    | 2 3 |  3.8

Action                   |  1- 3 |  4- 6 |  7- 9 | 10-12 || total
-------------------------+-------+-------+-------+-------++-------
Melee: War axe           |    97 |   114 |   446 |   104 ||   761
       Headbutt          |    12 |    21 |    58 |    21 ||   112
 Fire: Blowgun           |       |       |    34 |     4 ||    38
  Use: Scroll            |       |     9 |     2 |     5 ||    16
       Potion            |       |     1 |     3 |     2 ||     6
  Eat: Chunk             |     2 |     6 |     7 |     5 ||    20
       Ration            |       |       |     2 |       ||     2
Armor: Scale mail        |    41 |    30 |       |       ||    71
       Plate armour      |       |    21 |   324 |    64 ||   409
Dodge: Dodged            |    16 |    21 |    96 |     8 ||   141
Block: Shield            |    37 |    46 |   304 |    32 ||   419

Table legend:
 A = Spawn XP
 B = Non-spawn XP
 C = Spawn XP percentage of total XP
 D = Spawn monster count
 E = Non-spawn monster count
 F = Spawn count percentage of total count
 G = Total turns spent on level
                    A         B        C        D         E        F      G
               +---------+---------+-------+---------+---------+-------+---------
         Total |       0 |    7746 |   0.0 |       0 |     195 |   0.0 |  8415
               +---------+---------+-------+---------+---------+-------+---------
           D:1 |       0 |      45 |   0.0 |       0 |      28 |   0.0 |  1143
           D:2 |       0 |     108 |   0.0 |       0 |      22 |   0.0 |   792
           D:3 |       0 |     159 |   0.0 |       0 |      27 |   0.0 |   681
           D:4 |       0 |     452 |   0.0 |       0 |      10 |   0.0 |   763
           D:5 |       0 |    1864 |   0.0 |       0 |      37 |   0.0 |  1353
           D:6 |       0 |     912 |   0.0 |       0 |      15 |   0.0 |   730
           D:7 |       0 |     543 |   0.0 |       0 |      10 |   0.0 |   645
           D:8 |       0 |    2034 |   0.0 |       0 |      20 |   0.0 |  1225
           D:9 |       0 |     485 |   0.0 |       0 |       7 |   0.0 |   613
          D:10 |       0 |     584 |   0.0 |       0 |       2 |   0.0 |    56
        Bailey |       0 |     560 |   0.0 |       0 |      17 |   0.0 |   240
               +---------+---------+-------+---------+---------+-------+---------
